 Dungeon Crawl Stone Soup version 0.27-a0-1365-ge71e8f7681 (webtiles) character file.

Game seed: 2771861876438010410

273 GordonOverkill the Chiller (level 6, 0/41 HPs)
             Began as a Human Ice Elementalist on June 28, 2021.
             Slain by Edmund (1 damage)
             ... on level 4 of the Dungeon.
             The game lasted 00:12:52 (4539 turns).

GordonOverkill the Chiller (Human Ice Elementalist) Turns: 4539, Time: 00:12:53

Health: 0/41       AC: 10    Str:  9    XL:     6   Next: 48%
Magic:  2/11       EV: 12    Int: 17    God:
Gold:   147        SH:  0    Dex: 13    Spells: 1/12 levels left

rFire    . . .     SeeInvis +   i - +1 dagger (vamp)
rCold    . . .     Faith    .   (no shield)
rNeg     . . .     Spirit   .   a - +1 robe
rPois    .         Reflect  .   (no helmet)
rElec    .         Harm     .   f - +0 cloak
rCorr    .         Rampage  .   (no gloves)
Will     .....                  (no boots)
Stlth    ++........             (no amulet)
HPRegen  0.13/turn              g - ring of see invisible
MPRegen  0.12/turn              b - ring of wizardry

@: ice-armoured, freezing walls
A: no striking features
a: no special abilities


You were on level 4 of the Dungeon.
You visited 1 branch of the dungeon, and saw 6 of its levels.

You collected 147 gold pieces.

Inventory:

Hand Weapons
 i - a +1 vampiric dagger (weapon)
 j - a +0 rapier
 k - a +2 hand axe of flaming
Armour
 a - a +1 robe (worn)
 f - a +0 cloak (worn)
Jewellery
 b - a ring of wizardry (right hand)
 g - a ring of see invisible (left hand)
Scrolls
 c - a scroll of identify
Potions
 d - a potion of brilliance
 e - a potion of heal wounds
 h - a potion of attraction {unknown}


   Skills:
 - Level 1.0 Short Blades
 - Level 2.0 Dodging
 - Level 4.0 Stealth
 + Level 3.7 Spellcasting
 + Level 5.2 Ice Magic


You had one spell level left.
You knew the following spells:

 Your Spells              Type           Power      Damage    Failure   Level
a - Freeze                Ice            84%        1d10      1%          1
b - Frozen Ramparts       Ice            42%        1d6       2%          3
c - Ozocubu's Armour      Ice            21%        N/A       2%          3
d - Hailstorm             Conj/Ice       12%        3d5       21%         4

Your spell library contained the following spells:

 Spells                   Type           Power      Damage    Failure   Level
 Animate Skeleton         Necr           6%         N/A       6%          1
 Apportation              Tloc           6%         N/A       6%          1
 Corona                   Hex            3%         N/A       6%          1
 Summon Small Mammal      Summ           12%        N/A       6%          1
 Metabolic Englaciation   Hex/Ice        6%         N/A       50%         5


Dungeon Overview and Level Annotations

Branches:
Dungeon (6/15)
 Temple: D:4-7

Altars:
Ashenzari

Annotations:
D:4 3 runed translucent doors, Edmund; Rider's ghost, novice FoFi


Message History

Casting: Freeze (safe; 1% risk of failure)
Confirm with . or Enter, or press ? or * to list all spells.
Casting: Frozen Ramparts (dangerous; 2% risk of failure)
Press: ? - help, Dir - look around, f - activate The walls around you are covered in ice.
The wall freezes Edmund.
Edmund completely misses you.
The wall freezes Edmund.
Edmund hits you with a +3 vorpal flail.
Casting: Frozen Ramparts (dangerous; 2% risk of failure)
Confirm with . or Enter, or press ? or * to list all spells.
A film of ice covers your body!
The wall freezes Edmund.
Edmund hits you but does no damage.
Casting: Ozocubu's Armour (dangerous; 2% risk of failure)
Confirm with . or Enter, or press ? or * to list all spells.
Aiming: Freeze (safe; 1% risk of failure)
Press: ? - help, Shift-Dir - straight line, f - Edmund
Aim: Edmund, wielding a +3 vorpal flail and wearing a +3 chain mail of willpower (lightly wounded, fast)
You freeze Edmund.
Edmund is moderately wounded.
The wall freezes Edmund.
Edmund hits you with a +3 vorpal flail!
* * * LOW HITPOINT WARNING * * *
x2 The wall freezes Edmund.
Edmund misses you.
Casting: Freeze (safe; 1% risk of failure)
Confirm with . or Enter, or press ? or * to list all spells.
Aiming: Freeze (safe; 1% risk of failure)
Press: ? - help, Shift-Dir - straight line, f/p - Edmund
Aim: Edmund, wielding a +3 vorpal flail and wearing a +3 chain mail of willpower (moderately wounded, fast)
You freeze Edmund!
Edmund is heavily wounded.
The wall freezes Edmund.
Edmund hits you with a +3 vorpal flail!
* * * LOW HITPOINT WARNING * * *
x2
Casting: Freeze (safe; 1% risk of failure)
Confirm with . or Enter, or press ? or * to list all spells.
Aiming: Freeze (safe; 1% risk of failure)
Press: ? - help, Shift-Dir - straight line, f/p - Edmund
Aim: Edmund, wielding a +3 vorpal flail and wearing a +3 chain mail of willpower (heavily wounded, fast)
You freeze Edmund!
Edmund is severely wounded.
The wall freezes Edmund.
Edmund hits you with a +3 vorpal flail.
* * * LOW HITPOINT WARNING * * *
You die...

## ##+###### .# #.......# .#
+.......# .# #.......# .#
#......@# .#####.###......@#
.##..............#
.##.##.##........######
.##.##.##.##..........# #######
.##.##.##.##..........# #......
.##.##.##.##..........#####......
....##.##.##..........#...#......
#.#.##.##.##..........#...#......
......................#...#......


You could see Edmund (fast).

Vanquished Creatures
  A bullfrog (D:6)
  A scorpion zombie (D:5)
  2 iguanas
  5 adders
  An ufetubus (D:5)
  2 dart slugs
  An orc (D:4)
  8 endoplasms
  A giant cockroach (D:2)
  9 goblins
  8 hobgoblins
  7 jackals
  6 kobolds
  3 quokkas (D:1)
  5 ball pythons
  5 bats (D:1)
  3 frilled lizards
  4 rats
72 creatures vanquished.

Vanquished Creatures (others)
  4 toadstools (D:1)
4 creatures vanquished.

Grand Total: 76 creatures vanquished

Notes
Turn   | Place    | Note
-------+----------+-------------------------------------------
     0 | D:1      | GordonOverkill the Human Ice Elementalist began the quest
                  | for the Orb.
     0 | D:1      | Reached XP level 1. HP: 13/13 MP: 3/3
   116 | D:1      | Reached XP level 2. HP: 19/19 MP: 3/5
   446 | D:1      | Reached XP level 3. HP: 19/24 MP: 0/6
   525 | D:1      | Learned a level 3 spell: Frozen Ramparts
   943 | D:1      | Reached skill level 1 in Short Blades
  1008 | D:1      | Found a faded altar of an unknown god.
  1299 | D:2      | Reached XP level 4. HP: 21/30 MP: 3/7
  1765 | D:2      | Learned a level 3 spell: Ozocubu's Armour
  2314 | D:3      | You fall into a shaft and drop 3 floors!
  2315 | D:6      | Noticed a bullfrog
  2326 | D:6      | Killed a bullfrog
  2327 | D:6      | Reached XP level 5. HP: 29/35 MP: 2/9
  2617 | D:5      | Entered Level 5 of the Dungeon
  2626 | D:5      | Reached skill level 5 in Ice Magic
  2626 | D:5      | Reached XP level 6. HP: 33/41 MP: 3/11
  2832 | D:5      | Noticed a necrophage
  3266 | D:3      | Learned a level 4 spell: Hailstorm
  3912 | D:4      | Found a runed translucent gate.
  3913 | D:4      | Found a runed translucent gate.
  3913 | D:4      | Noticed Rider's ghost (novice FoFi)
  3915 | D:4      | Found a runed translucent gate.
  3987 | D:4      | Found a broken altar of Ashenzari.
  4523 | D:4      | Noticed Edmund
  4539 | D:4      | HP: 1/41 [Edmund (5)]
  4539 | D:4      | Slain by Edmund

Illustrated notes

Levels and vault maps discovered:
D:1:      ldierk_walled_garden_2, layout_loops_ring,
          shapermc_ecumenical_altar_notcrosses
D:2:      layout_rooms
D:3:      layout_loops_ring, chequers_serial_rivers_micro_a
D:4:      layout_basic, evilmike_ruin_ashenzari, gammafunk_ghost_nasty_kobolds,
          uniq_edmund
D:5:      layout_loops_ring, lemuel_coloured_pillars_altar,
          grunt_temple_overflow_cloverleaf,
          minmay_temple_entry_drinking_statues, minmay_crossroads
D:6:      layout_basic, nemelex_dance_club_becter

Skill      XL: |  1  2  3  4  5  6 |
---------------+-------------------+-----
Short Blades   | 1 |  1.0
Stealth        | 3 4 |  4.0
Spellcasting   | 3 |  3.7
Ice Magic      | 5 |  5.2
Dodging        | |  2.0

Action                   |  1- 3 |  4- 6 || total
-------------------------+-------+-------++-------
Melee: Club              |     2 |       ||     2
       Unarmed           |     1 |       ||     1
       Short sword       |    13 |       ||    13
       Dagger            |       |    70 ||    70
 Cast: Freeze            |    30 |    18 ||    48
       Frozen Ramparts   |     7 |    23 ||    30
       Ozocubu's Armour  |       |     6 ||     6
  Use: Scroll            |       |     6 ||     6
       Potion            |       |     1 ||     1
 Stab: Sleeping          |     4 |     4 ||     8
Armor: Robe              |     9 |    24 ||    33
Dodge: Dodged            |    58 |    52 ||   110

Table legend: (Time is in decaauts)
 A = Elapsed time spent in this place.
 B = Non-inter-level travel time spent in this place.
 C = Inter-level travel time spent in this place.
 D = Time resting spent in this place.
 E = Time spent auto-exploring this place.
 F = Levels seen in this place.
 G = Mean time per level.
                   A        B        C        D        E       F      G
               +--------+--------+--------+--------+--------+-----+--------+
         Total |   4543 |   4380 |    163 |   1651 |   1898 |   6 |  757.2 |
       Dungeon |   4543 |   4380 |    163 |   1651 |   1898 |   6 |  757.2 |
               +--------+--------+--------+--------+--------+-----+--------+

Top non-repeatable levels by time:
     D:1: 1351 daAuts
     D:3: 1036 daAuts
     D:2: 923 daAuts
     D:4: 645 daAuts
     D:6: 302 daAuts
     D:5: 284 daAuts
